 Dungeon Crawl Stone Soup version 0.31.0-11-ge490571c62 (webtiles) character file.

Game seed: 643235682136492893

81 Ashen the Magician (level 4, -3/32 HPs)
             Began as a Gnoll Hedge Wizard on Jan 28, 2024.
             Slain by an orc wizard
             ... wielding a +2 dagger of protection
              (5 damage)
             ... on level 3 of the Dungeon.
             The game lasted 00:05:52 (2361 turns).

Ashen the Magician (Gnoll Hedge Wizard)             Turns: 2361, Time: 00:05:53

Health: -3/32      AC:  3    Str:  9    XL:     4   Next: 40%
Magic:  0/13       EV: 13    Int: 16    God:
Gold:   82         SH:  0    Dex: 11    Spells: 16/17 levels left

rFire   . . .        i - +0 flail
rCold   . . .        (no shield)
rNeg    . . .        b - +0 robe
rPois   .            o - +0 helmet
rElec   .            (no cloak)
rCorr   .            (no gloves)
SInv    .            (no boots)
Will    .....        (no amulet)
Stlth   ++           (no ring)
HPRegen 0.25/turn    (no ring)
MPRegen 0.13/turn

%: no passive effects
@: no status effects
A: fangs 1, strong nose, distributed training
a: no special abilities


You were on level 3 of the Dungeon.
You visited 1 branch of the dungeon, and saw 3 of its levels.

You collected 82 gold pieces.

Inventory:

Hand Weapons
 a - a +0 dagger
 i - a +0 flail (weapon)
Armour
 b - a +0 robe (worn)
 o - a +0 helmet (worn)
Wands
 j - a wand of flame (6)
Scrolls
 e - 5 scrolls of identify {unknown}
 g - a scroll of enchant armour {unknown}
 k - a scroll of teleportation {unknown}
 m - a scroll of acquirement {unknown}
 n - a scroll of silence {unknown}
Potions
 c - 2 potions of mutation {unknown}
 d - 2 potions of magic
 f - 2 potions of degeneration {unknown}
 h - a potion of lignification {unknown}
 l - a potion of enlightenment {unknown}
 p - a potion of resistance {unknown}


   Skills:
 + Level 1.2 Fighting
 + Level 1.2 Short Blades
 + Level 1.2 Long Blades
 + Level 1.2 Axes
 + Level 1.2 Maces & Flails
 + Level 1.2 Polearms
 + Level 1.2 Staves
 + Level 1.2 Ranged Weapons
 + Level 1.2 Throwing
 + Level 1.2 Armour
 + Level 4.6 Dodging
 + Level 4.3 Stealth
 + Level 1.2 Shields
 + Level 1.2 Unarmed Combat
 + Level 7.2 Spellcasting
 + Level 2.2 Conjurations
 + Level 1.0 Hexes
 + Level 2.2 Summonings
 + Level 1.0 Necromancy
 + Level 2.2 Translocations
 + Level 1.0 Fire Magic
 + Level 1.0 Ice Magic
 + Level 1.0 Air Magic
 + Level 1.0 Earth Magic
 + Level 1.0 Alchemy
 + Level 1.3 Invocations
 + Level 1.2 Evocations
 + Level 1.1 Shapeshifting


You had 16 spell levels left.
You knew the following spells:

 Your Spells              Type           Power      Damage    Failure   Level
a - Magic Dart            Conj           52%        1d5       4%          1

Your spell library contained the following spells:

 Spells                   Type           Power      Damage    Failure   Level
 Blink                    Tloc           26%        N/A       7%          2
 Call Imp                 Summ           26%        N/A       7%          2
 Slow                     Hex            32%        N/A       9%          1
 Cigotuvi's Dreadful Rot  Necr/Alch/Air  16%        N/A       12%         2
 Mephitic Cloud           Conj/Alch/Air  10%        N/A       21%         3


Dungeon Overview and Level Annotations

Branches:
Dungeon (3/15)

Altars:


Innate Abilities, Weirdness & Mutations

You have very sharp teeth.
Your uncanny sense of smell can sniff out nearby items.
Your experience applies equally to all skills.


Message History

The orc is moderately wounded.
You hear the slow rusting of a very distant drain.
Something hits you. The orc hits you with a +0 club.
You closely miss the orc.
The orc is moderately wounded.
The orc hits you with a +0 club.
You hear some strange, mumbled words.
A magic dart appears from out of thin air!
The magic dart hits you! Something hits you.
The orc hits you but does no damage.
Casting: Magic Dart (safe; 4% risk of failure)
Confirm with . or Enter, or press ? or * to list all spells.
Aiming: Magic Dart (safe; 4% risk of failure)
Press: ? - help, Shift-Dir - straight line, f/p - orc
Aim: an orc, wielding a +0 club and wearing a +0 leather armour (moderately wounded, 100% to hit)
The magic dart hits the orc.
The orc is heavily wounded.
You hear some strange, mumbled words.
A puff of flame appears from out of thin air!
The puff of flame hits you!
* * * LOW HITPOINT WARNING * * *
The orc misses you.
Your magical contamination has completely faded away.
Aiming: Throw Flame
Press: ? - help, Shift-Dir - straight line, f/p - orc
Aim: an orc, wielding a +0 club and wearing a +0 leather armour (heavily wounded, 68% to hit)
The puff of flame hits the orc!
You kill the orc!
You hear some strange, mumbled words.
A puff of flame appears from out of thin air!
The puff of flame hits you!
* * * LOW HITPOINT WARNING * * *
Aiming: Throw Flame
Press: ? - help, Shift-Dir - straight line The puff of flame hits something but does no damage.
Something barely misses you.
Aiming: Throw Flame
Press: ? - help, Shift-Dir - straight line Something hits you.
You die...

#.. .. ..
###### #.
#....# #.
#.##.#
#.###.##.#
######..##.##.#
.......@{..##.#
###
.######)#####.#
#.. #)#
#.######.# #.#
#......#.# ..#
######.#.# ...
#.#.### ##..
#####...... ...
............ ∆
#...........


There were no monsters in sight!

Vanquished Creatures
  2 adders
  A gnoll (D:1)
  2 orcs (D:3)
  4 bats (D:1)
  5 endoplasms
  2 giant cockroaches (D:1)
  3 goblins
  2 hobgoblins
  4 jackals
  5 kobolds
  4 quokkas
  7 ball pythons
  4 frilled lizards (D:1)
  2 rats
47 creatures vanquished.

Notes
Turn   | Place    | Note
-------+----------+-------------------------------------------
     0 | D:1      | Ashen the Gnoll Hedge Wizard began the quest for the Orb.
     0 | D:1      | Reached XP level 1. HP: 13/13 MP: 8/8
    81 | D:1      | Reached XP level 2. HP: 15/19 MP: 0/10
   845 | D:1      | Reached XP level 3. HP: 25/25 MP: 7/11
   915 | D:1      | Found a faded altar of an unknown god.
  1048 | D:1      | Reached skill level 1 in Invocations
  1453 | D:2      | Reached skill level 1 in Fighting
  1453 | D:2      | Reached skill level 1 in Short Blades
  1453 | D:2      | Reached skill level 1 in Long Blades
  1453 | D:2      | Reached skill level 1 in Axes
  1453 | D:2      | Reached skill level 1 in Maces & Flails
  1453 | D:2      | Reached skill level 1 in Polearms
  1453 | D:2      | Reached skill level 1 in Staves
  1453 | D:2      | Reached skill level 1 in Ranged Weapons
  1453 | D:2      | Reached skill level 1 in Throwing
  1453 | D:2      | Reached skill level 1 in Armour
  1453 | D:2      | Reached skill level 1 in Shields
  1453 | D:2      | Reached skill level 1 in Unarmed Combat
  1453 | D:2      | Reached skill level 1 in Evocations
  1726 | D:2      | Reached skill level 1 in Shapeshifting
  1726 | D:2      | Reached XP level 4. HP: 32/32 MP: 9/13
  2352 | D:3      | Reached skill level 1 in Hexes
  2352 | D:3      | Reached skill level 1 in Necromancy
  2352 | D:3      | Reached skill level 1 in Fire Magic
  2352 | D:3      | Reached skill level 1 in Ice Magic
  2352 | D:3      | Reached skill level 1 in Air Magic
  2352 | D:3      | Reached skill level 1 in Earth Magic
  2352 | D:3      | Reached skill level 1 in Alchemy
  2361 | D:3      | Slain by an orc wizard

Illustrated notes

Levels and vault maps discovered:
D:1:      lemuel_arrival_behind_the_door_large, layout_loops_ring,
          basic_ecumenical_altar, minmay_misc_feat_room
D:2:      layout_basic
D:3:      layout_loops_ring, gup_sewer_entry_pipe, solitary_fountain,
          st_stairs_12

Skill      XL: |  1  2  3  4 |
---------------+-------------+-----
Conjurations   | 2 |  2.2
Summonings     | 2 |  2.2
Translocations | 2 |  2.2
Invocations    | 1 |  1.3
Fighting       | 1 |  1.2
Short Blades   | 1 |  1.2
Long Blades    | 1 |  1.2
Axes           | 1 |  1.2
Maces & Flails | 1 |  1.2
Polearms       | 1 |  1.2
Staves         | 1 |  1.2
Ranged Weapons | 1 |  1.2
Throwing       | 1 |  1.2
Armour         | 1 |  1.2
Shields        | 1 |  1.2
Unarmed Combat | 1 |  1.2
Evocations     | 1 |  1.2
Shapeshifting  | 1 |  1.1
Hexes          | 1 |  1.0
Necromancy     | 1 |  1.0
Fire Magic     | 1 |  1.0
Ice Magic      | 1 |  1.0
Air Magic      | 1 |  1.0
Earth Magic    | 1 |  1.0
Alchemy        | 1 |  1.0
Dodging        | |  4.6
Stealth        | |  4.3
Spellcasting   | |  7.2

Action                     |  1- 3 |  4- 6 || total
---------------------------+-------+-------++-------
  Melee: Dagger            |     5 |       ||     5
         Flail             |    12 |     3 ||    15
         Bite              |     1 |       ||     1
   Cast: Magic Dart        |    69 |    33 ||   102
  Evoke: Wand              |       |     3 ||     3
   Stab: Sleeping          |     5 |       ||     5
 Armour: Robe              |    18 |    12 ||    30
  Dodge: Dodged            |    20 |     4 ||    24
